[Event "Titled Tuesday Blitz July 11 Late 2023"]
[White "Ambartsumova, Karina"]
[Black "Martin Barcelo, Carles"]
[WhiteFideId "4166299"]
[BlackFideId "24561444"]
[WhiteElo "2607"]
[BlackElo "2459"]
[Result "0-1"]
[Round "9"]
[TimeControl "180+2"]
[Date "2023.07.11"]
[WhiteClock "0:00:04"]
[BlackClock "0:00:08"]
[Board "54"]

1. d4 Nf6 2. c4 e6 3. Nc3 d5 4. cxd5 exd5 5. Bg5 Be7 6. e3 h6 7. Bh4 O-O 8. Bd3 c6 9. h3 Re8 10. Nge2 Ne4 11. Bxe7 Qxe7 12. Qc2 Bf5 13. O-O Nd7 14. Rae1 Ndf6 15. f3 Nxc3 16. Nxc3 Bxd3 17. Qxd3 Rad8 18. a3 Qd6 19. Re2 Nh5 20. Rfe1 Ng3 21. Rd2 h5 22. b4 a6 23. Na4 h4 24. Nc5 Re7 25. e4 dxe4 26. fxe4 Qf4 27. Rf2 Qg5 28. e5 b6 29. Nxa6 Rxe5 30. Rxe5 Qxe5 31. dxe5 Rxd3 32. Rf3 Rd1+ 33. Kf2 Rd2+ 34. Kg1 g6 35. Nb8 c5 36. bxc5 bxc5 37. Rf4 Ne2+ 38. Kf2 Nxf4+ 39. Ke3 Rb2 40. Kxf4 Rxb8 0-1


[Site "https://www.chess.com"]

[Event "Titled Tuesday Blitz July 11 Late 2023"]
[White "Flynn, Jacob"]
[Black "FromTexas54"]
[WhiteFideId "2509393"]
[WhiteElo "2475"]
[BlackElo "2558"]
[Result "0-1"]
[Round "9"]
[TimeControl "180+2"]
[Date "2023.07.11"]
[WhiteClock "0:00:00"]
[BlackClock "0:00:03"]
[Board "55"]

1. d4 Nf6 2. c4 g6 3. g3 Bg7 4. Bg2 d6 5. Nf3 O-O 6. O-O Nbd7 7. Nc3 c6 8. e4 e5 9. h3 a5 10. Be3 a4 11. Rc1 exd4 12. Nxd4 Nc5 13. Qc2 Qa5 14. Rfd1 Re8 15. Kh2 Be6 16. Bf1 h5 17. Nf3 Rad8 18. Bf4 Bc8 19. Nd2 Ne6 20. Be3 Nc5 21. f3 h4 22. g4 Nfd7 23. Kg2 Qc7 24. Be2 d5 25. cxd5 Qg3+ 26. Kf1 Qxh3+ 27. Ke1 Qh1+ 28. Nf1 Be5 29. f4 Bb8 30. e5 Nxe5 31. fxe5 Bxe5 32. Bxc5 Bxg4 33. Bf2 Bxc3+ 34. bxc3 Rxe2+ 35. Qxe2 Bxe2 36. Kxe2 Re8+ 37. Ne3 Qe4 38. d6 Qc4+ 39. Kf3 Qe4+ 40. Ke2 Rd8 41. Rd4 Qe6 42. Rcd1 Qxa2+ 43. R1d2 Qe6 44. Bxh4 Rd7 45. Rxa4 Rxd6 46. Rxd6 Qxd6 47. Rd4 Qe5 48. Kd3 Kg7 49. Ng4 Qf5+ 50. Kd2 g5 51. Bg3 c5 52. Be5+ Kg6 53. Rd6+ Kh5 54. Nf6+ Kh4 55. Nd7 g4 56. Rh6+ Kg5 57. Rd6 Qf3 58. c4 g3 59. Rd5 Qf2+ 60. Kc3 Kh4 61. Nf6 Qe1+ 62. Kb3 g2 63. Rd3 Qb1+ 64. Kc3 Qc1+ 65. Kb3 g1=Q 66. Bg3+ Qxg3 0-1


[Site "https://www.chess.com"]

[Event "Titled Tuesday Blitz July 11 Late 2023"]
[White "Moral Garcia, Serafin"]
[Black "GAO"]
[WhiteFideId "2201925"]
[WhiteElo "2552"]
[BlackElo "2408"]
[Result "1-0"]
[Round "9"]
[TimeControl "180+2"]
[Date "2023.07.11"]
[WhiteClock "0:00:55"]
[BlackClock "0:00:19"]
[Board "56"]

1. c4 e5 2. Nc3 Bb4 3. Nd5 Be7 4. d4 d6 5. e4 Nf6 6. dxe5 dxe5 7. Bd3 O-O 8. Nf3 c6 9. Nxe7+ Qxe7 10. Bg5 Nbd7 11. O-O Nc5 12. Qe2 Bg4 13. h3 Bh5 14. Qe3 Rad8 15. Be2 Ncxe4 16. Qxe4 Bg6 17. Qh4 e4 18. Nd2 e3 19. Nf3 exf2+ 20. Rxf2 Qc5 21. Bxf6 gxf6 22. Qxf6 Rde8 23. Qg5 Qb6 24. Bf1 Re6 25. c5 Qb4 26. a3 Qb3 27. Nd4 Qe3 28. Nxe6 Qxe6 29. Rd1 Re8 30. Rd8 h6 31. Rxe8+ Qxe8 32. Qxh6 Qe7 33. b4 a5 34. Bc4 axb4 35. Qxg6+ 1-0


[Site "https://www.chess.com"]

[Event "Titled Tuesday Blitz July 11 Late 2023"]
[White "Sidletskyi, Ivan"]
[Black "Al Mukhaini, Shima"]
[WhiteFideId "14156024"]
[BlackFideId "22005854"]
[WhiteElo "2551"]
[BlackElo "2350"]
[Result "0-1"]
[Round "9"]
[TimeControl "180+2"]
[Date "2023.07.11"]
[WhiteClock "0:00:21"]
[BlackClock "0:00:25"]
[Board "57"]

1. e4 d5 2. exd5 Nf6 3. c4 e6 4. dxe6 Bxe6 5. d4 Bb4+ 6. Nc3 Ne4 7. Qd3 Bf5 8. Qf3 Nc6 9. Ne2 Nxd4 10. Nxd4 Qxd4 11. Qxf5 Nxc3 12. Be3 Nd5+ 13. Ke2 Nxe3 14. fxe3 Qxb2+ 15. Kf3 Qxa1 16. Qe4+ Be7 17. c5 Qf6+ 18. Ke2 Qc6 19. Qe5 Qxc5 20. Qxg7 O-O-O 21. Qg4+ f5 22. Qa4 Bg5 23. Qb3 Rhe8 0-1


[Site "https://www.chess.com"]

[Event "Titled Tuesday Blitz July 11 Late 2023"]
[White "OllieAr"]
[Black "Rottenwohrer Suarez, Juan"]
[BlackFideId "32068182"]
[WhiteElo "2335"]
[BlackElo "2547"]
[Result "0-1"]
[Round "9"]
[TimeControl "180+2"]
[Date "2023.07.11"]
[WhiteClock "0:00:00"]
[BlackClock "0:00:08"]
[Board "58"]

1. Nf3 Nf6 2. c4 g6 3. Nc3 Bg7 4. d4 d6 5. e3 O-O 6. Bd3 c5 7. d5 a6 8. O-O Bg4 9. h3 Bxf3 10. Qxf3 Nbd7 11. e4 Ne5 12. Qe2 Nxd3 13. Qxd3 Qa5 14. Bf4 Nd7 15. Bh2 Ne5 16. Qe2 Qb4 17. Bxe5 Bxe5 18. f4 Bg7 19. e5 b5 20. e6 Qxc4 21. Qxc4 bxc4 22. g4 Rab8 23. Rab1 fxe6 24. dxe6 Bxc3 25. bxc3 Rxb1 26. Rxb1 Rxf4 27. Rb8+ Kg7 28. Re8 Re4 29. Rxe7+ Kf6 30. Rxh7 Rxe6 31. Ra7 Re3 32. Rxa6 Ke5 33. h4 Rg3+ 34. Kf2 Rxg4 35. Ra8 Rxh4 36. a4 Rh3 37. a5 Rxc3 38. a6 Ra3 39. a7 Kd5 40. Ke2 g5 41. Kd2 c3+ 42. Kc2 Kc4 43. Kb1 d5 44. Kc1 d4 0-1


[Site "https://www.chess.com"]

[Event "Titled Tuesday Blitz July 11 Late 2023"]
[White "Nunez V, Gustavo Eduardo"]
[Black "Rozman, Levy"]
[WhiteFideId "4403690"]
[BlackFideId "2039877"]
[WhiteElo "2448"]
[BlackElo "2732"]
[Result "0-1"]
[Round "9"]
[TimeControl "180+2"]
[Date "2023.07.11"]
[WhiteClock "0:00:15"]
[BlackClock "0:00:08"]
[Board "59"]

1. e4 c6 2. d3 d5 3. Nd2 g6 4. g3 Bg7 5. Bg2 Nf6 6. Ne2 O-O 7. O-O e5 8. Nc3 Be6 9. h3 Nbd7 10. f4 Nh5 11. f5 Nxg3 12. fxe6 fxe6 13. Rxf8+ Nxf8 14. Qg4 Qb6+ 15. Kh2 Nh5 16. Nf3 Qf2 17. Bd2 Qb6 18. b3 Re8 19. Rf1 Nd7 20. Ng5 Ndf6 21. Qe2 Qc7 22. Bf3 Nf4 23. Bxf4 exf4 24. e5 Nd7 25. d4 a6 26. Na4 c5 27. c3 b5 28. Nb2 cxd4 29. cxd4 Qc3 30. Rd1 h6 31. Nxe6 Rxe6 32. Bxd5 Nf8 33. Rd3 Qc1 34. Qd2 Qc7 35. Qg2 Kh7 36. Bxe6 Nxe6 37. d5 f3 38. Rxf3 Bxe5+ 39. Kh1 Nf4 40. Qd2 Nh5 41. Nd3 Ng3+ 42. Kg2 Bd6 43. Nf2 Nf5 44. Ne4 Nh4+ 45. Kf2 Nxf3 46. Kxf3 Qf7+ 47. Ke2 Be5 48. d6 Qf5 49. Qd3 Qe6 50. d7 Bc7 51. Kd2 Bd8 52. Kc3 h5 53. h4 Qe5+ 54. Qd4 Qxd4+ 55. Kxd4 Bxh4 56. Kd5 Kg8 57. Ke6 Bd8 58. Nc5 h4 59. Nb7 Bc7 60. d8=Q+ Bxd8 61. Nxd8 h3 62. Nf7 h2 63. Kf6 h1=Q 64. Ne5 Qe4 65. Nxg6 Qc2 66. Ne7+ Kf8 67. Nf5 Qxa2 68. b4 Qb2+ 69. Ke6 Qxb4 70. Nd6 Qb3+ 71. Kd7 a5 72. Nb7 a4 73. Nc5 Qc4 74. Ne6+ Qxe6+ 75. Kxe6 a3 76. Kd5 a2 77. Kc5 a1=Q 78. Kxb5 Qc3 79. Kb6 Qc4 80. Kb7 Qc5 81. Kb8 Qc6 82. Ka7 Qb5 83. Ka8 Ke7 84. Ka7 Kd7 85. Ka8 Kc7 86. Ka7 Qa5# 0-1


[Site "https://www.chess.com"]

[Event "Titled Tuesday Blitz July 11 Late 2023"]
[White "2KRK1"]
[Black "Bueno, Alfeu Junior Varela"]
[BlackFideId "2108879"]
[WhiteElo "2676"]
[BlackElo "2445"]
[Result "1-0"]
[Round "9"]
[TimeControl "180+2"]
[Date "2023.07.11"]
[WhiteClock "0:00:05"]
[BlackClock "0:00:00"]
[Board "60"]

1. Nf3 e6 2. b3 f5 3. Bb2 b6 4. g3 Bb7 5. Bg2 Nf6 6. O-O Be7 7. c4 O-O 8. Nc3 Qe8 9. d4 d6 10. d5 e5 11. Ng5 Bc8 12. Ne6 Bxe6 13. dxe6 c6 14. e4 Qg6 15. exf5 Qxf5 16. Nb5 Na6 17. Nxd6 Qxe6 18. Ne4 Nxe4 19. Bxe4 Nc5 20. Qe2 Rae8 21. Rfe1 Nxe4 22. Qxe4 Bc5 23. Re2 Qf5 24. Qxf5 Rxf5 25. Rf1 Ref8 26. Kg2 Bd4 27. f3 Rd8 28. Bxd4 exd4 29. Rd1 Rf7 30. Rd3 Kf8 31. c5 bxc5 32. Rc2 Rd5 33. Rc4 Re7 34. Kf2 Rde5 35. Rd2 Ke8 36. Ra4 Kf7 37. Ra6 R5e6 38. Ra5 1-0


[Site "https://www.chess.com"]

[Event "Titled Tuesday Blitz July 11 Late 2023"]
[White "Schnaider, Ilan"]
[Black "Romero Ruscalleda, Josep"]
[WhiteFideId "169013"]
[BlackFideId "2231859"]
[WhiteElo "2637"]
[BlackElo "2440"]
[Result "1-0"]
[Round "9"]
[TimeControl "180+2"]
[Date "2023.07.11"]
[WhiteClock "0:01:43"]
[BlackClock "0:00:33"]
[Board "61"]

1. e4 g6 2. d4 Bg7 3. Nc3 d6 4. f4 a6 5. a4 Nc6 6. Nf3 Bg4 7. d5 Nd4 8. Be3 Nxf3+ 9. gxf3 Bd7 10. Qd2 c5 11. Bc4 Qa5 12. O-O Nf6 13. e5 Nh5 14. exd6 exd6 15. Ne4 Qc7 16. Rae1 O-O 17. Ng3 Nxg3 18. hxg3 b5 19. axb5 axb5 20. Be2 Ra2 21. b4 cxb4 22. Qxb4 Bc3 23. Qb3 Rb2 24. Qa3 Ra8 25. Qxa8+ Kg7 26. Rc1 Bf6 27. Qa7 Qc3 28. g4 Bc8 29. g5 Bd8 30. Bd4+ 1-0


[Site "https://www.chess.com"]

[Event "Titled Tuesday Blitz July 11 Late 2023"]
[White "Di Berardino, Diego Rafael"]
[Black "Rios Escobar, Adan"]
[WhiteFideId "2105446"]
[BlackFideId "3403645"]
[WhiteElo "2613"]
[BlackElo "2437"]
[Result "1-0"]
[Round "9"]
[TimeControl "180+2"]
[Date "2023.07.11"]
[WhiteClock "0:00:13"]
[BlackClock "0:00:07"]
[Board "62"]

1. e4 c5 2. Nf3 d6 3. c3 Nf6 4. h3 Nc6 5. Bd3 d5 6. e5 Nd7 7. Bb5 e6 8. d4 Qb6 9. Be2 Be7 10. O-O Qc7 11. Be3 b6 12. Nbd2 a5 13. Rc1 Ba6 14. Bxa6 Rxa6 15. c4 Qb7 16. cxd5 exd5 17. Re1 Nd8 18. Bg5 Ne6 19. Bxe7 Kxe7 20. Nf1 c4 21. Ne3 g6 22. b3 b5 23. bxc4 bxc4 24. Nxc4 dxc4 25. d5 Nf4 26. Qd4 Nd3 27. e6 Nxe1 28. Rxe1 Rd8 29. exd7+ Kxd7 30. Ne5+ Kc8 31. Qxc4+ Kb8 32. Nc6+ Rxc6 33. dxc6 Qb6 34. c7+ Qxc7 35. Rb1+ Kc8 36. Qa6+ Kd7 37. Re1 Qd6 38. Qb5+ Qc6 39. Qe5 Kc8 40. Qe7 Rd7 41. Qe8+ Kc7 42. Qe5+ Qd6 43. Qxa5+ Kc8 44. Rc1+ Rc7 45. Rxc7+ Qxc7 46. Qxc7+ Kxc7 47. Kf1 Kb6 48. Ke2 Kc5 49. Ke3 Kb4 50. Kf4 Ka3 51. Ke5 Kxa2 52. Kf6 Kb3 53. Kxf7 Kc3 54. Kg7 Kd3 55. Kxh7 Ke2 56. Kxg6 Kxf2 57. h4 Kxg2 58. h5 Kg3 59. h6 1-0


[Site "https://www.chess.com"]

[Event "Titled Tuesday Blitz July 11 Late 2023"]
[White "Taranenko, Evgueniy"]
[Black "Banzea, Alexandru-Bogdan"]
[WhiteFideId "14122138"]
[BlackFideId "1232622"]
[WhiteElo "2437"]
[BlackElo "2601"]
[Result "1-0"]
[Round "9"]
[TimeControl "180+2"]
[Date "2023.07.11"]
[WhiteClock "0:01:00"]
[BlackClock "0:00:00"]
[Board "63"]

1. e4 c6 2. d4 d5 3. e5 c5 4. dxc5 Nc6 5. a3 Nxe5 6. b4 g6 7. Bb2 Bg7 8. Qc1 f6 9. Nd2 Nh6 10. Bb5+ Bd7 11. Bxd7+ Qxd7 12. Ne2 O-O 13. O-O a6 14. Rd1 Nc6 15. Nc4 Rad8 16. Nb6 Qg4 17. f3 Qf5 18. Ng3 Qe6 19. Qd2 Qf7 20. Re1 Nf5 21. Nxf5 gxf5 22. Qe3 e5 23. Rad1 f4 24. Qb3 d4 25. Qxf7+ Kxf7 26. c3 f5 27. cxd4 Nxd4 28. Bxd4 exd4 29. Nc4 Kg8 30. Re7 Rfe8 31. Rxe8+ Rxe8 32. Nd6 Re7 33. Nxf5 Re2 34. Nxg7 Kxg7 35. Rxd4 Ra2 36. Rd7+ 1-0


[Site "https://www.chess.com"]

[Event "Titled Tuesday Blitz July 11 Late 2023"]
[White "Rodriguez Fontecha, Marcos"]
[Black "Grinev, Valeriy"]
[WhiteFideId "2256576"]
[BlackFideId "14117517"]
[WhiteElo "2422"]
[BlackElo "2573"]
[Result "0-1"]
[Round "9"]
[TimeControl "180+2"]
[Date "2023.07.11"]
[WhiteClock "0:00:20"]
[BlackClock "0:00:59"]
[Board "64"]

1. e4 c5 2. Nc3 Nc6 3. Bb5 g6 4. Bxc6 bxc6 5. d3 Bg7 6. f4 d5 7. Nf3 Bg4 8. O-O e6 9. Qe1 Bxf3 10. Rxf3 Nf6 11. f5 Nd7 12. exd5 cxd5 13. fxe6 Ne5 14. exf7+ Kd7 15. Rf1 Kc6 16. Bf4 Qe7 17. Qg3 Nxf7 18. Rae1 Qd7 19. Kh1 Rae8 20. Ne2 Bxb2 21. d4 g5 22. Be3 h5 23. dxc5 h4 24. Rf6+ Re6 25. Qf2 Rxf6 26. Qxf6+ Bxf6 0-1


[Site "https://www.chess.com"]

[Event "Titled Tuesday Blitz July 11 Late 2023"]
[White "Bouget, Alexandre"]
[Black "Vlassov, Nikolai"]
[WhiteFideId "681318"]
[BlackFideId "4103360"]
[WhiteElo "2422"]
[BlackElo "2572"]
[Result "0-1"]
[Round "9"]
[TimeControl "180+2"]
[Date "2023.07.11"]
[WhiteClock "0:00:02"]
[BlackClock "0:01:52"]
[Board "65"]

1. d4 Nf6 2. c4 Nc6 3. Nf3 e6 4. a3 g6 5. Nc3 Bg7 6. e4 d6 7. Be2 O-O 8. O-O e5 9. d5 Nd4 10. Nxd4 exd4 11. Qxd4 Re8 12. Qd3 Nd7 13. Qc2 a5 14. f4 Nc5 15. Bf3 f5 16. e5 dxe5 17. fxe5 Bxe5 18. Kh1 a4 19. Be3 Qh4 20. g3 Qxc4 21. Be2 Qb3 22. Qd2 Bxc3 23. bxc3 Ne4 24. Qd4 Qxc3 25. Bc4 Qxd4 26. Bxd4 Nd2 27. Rfc1 Re4 28. d6+ Nxc4 29. Rxc4 c5 30. Rac1 Rxd4 31. Rxc5 Bd7 32. Rc7 Rxd6 0-1


[Site "https://www.chess.com"]

[Event "Titled Tuesday Blitz July 11 Late 2023"]
[White "Karttunen, Mika"]
[Black "Melikhov, Evgeny V."]
[WhiteFideId "502081"]
[BlackFideId "4122046"]
[WhiteElo "2545"]
[BlackElo "2414"]
[Result "1-0"]
[Round "9"]
[TimeControl "180+2"]
[Date "2023.07.11"]
[WhiteClock "0:00:21"]
[BlackClock "0:00:00"]
[Board "66"]

1. e4 e5 2. Nf3 Nc6 3. Bb5 a6 4. Ba4 Nf6 5. O-O Nxe4 6. d4 b5 7. Bb3 d5 8. dxe5 Be6 9. Nbd2 Bc5 10. c3 O-O 11. Qe2 Bf5 12. a4 Nxd2 13. Bxd2 Na5 14. Bd1 Nc4 15. Bf4 c6 16. b3 Nb6 17. a5 Nd7 18. b4 Ba7 19. Nd4 Rc8 20. Nxf5 c5 21. Qg4 g6 22. Bg5 f6 23. Nh6+ Kh8 24. exf6 Nxf6 25. Qh4 Qd6 26. Bf3 cxb4 27. cxb4 Rc4 28. Qg3 Qxg3 29. hxg3 Ne4 30. Bxe4 dxe4 31. Ng4 Rc2 32. Be3 Bxe3 33. fxe3 Rd8 34. Rad1 Rd3 35. Rxd3 exd3 36. Rd1 d2 37. Kf2 Rb2 38. Ke2 Rxb4 39. Ne5 Ra4 40. Nc6 Rc4 41. Nb8 Rg4 42. Nxa6 Rxg3 43. Kf2 Rg5 44. Nb4 Rg4 45. Nc6 Rc4 46. Nd4 Ra4 47. Nxb5 Rxa5 48. Nd4 Ra2 49. Nf3 Kg7 50. Rxd2 Ra1 51. e4 Kf6 52. Rd6+ Ke7 53. Rb6 Ra7 54. Kg3 Kf7 55. Kf4 h6 56. g4 g5+ 57. Kg3 Ra3 58. Rxh6 Kg7 59. Re6 Kf7 60. Re5 Kf6 61. Rf5+ Ke6 62. Rxg5 Re3 63. e5 Re4 64. Rf5 Ke7 65. Rf4 Re2 66. g5 Ra2 67. g6 Ra6 68. Rg4 Kf8 69. Nh4 Kg7 70. Nf5+ Kg8 71. Kf4 Ra4+ 72. Kg5 Ra7 73. e6 Rb7 74. e7 Rb8 75. Re4 Re8 76. Kf6 Kh8 77. Kf7 Rxe7+ 78. Kxe7 Kg8 79. Kf6 Kf8 80. Re5 1-0


[Site "https://www.chess.com"]

[Event "Titled Tuesday Blitz July 11 Late 2023"]
[White "MFatigue"]
[Black "Krzywda, Andrzej"]
[BlackFideId "1114565"]
[WhiteElo "2542"]
[BlackElo "2406"]
[Result "1-0"]
[Round "9"]
[TimeControl "180+2"]
[Date "2023.07.11"]
[WhiteClock "0:00:14"]
[BlackClock "0:00:00"]
[Board "67"]

1. e4 e5 2. Nf3 Nf6 3. d4 Nxe4 4. dxe5 d5 5. Bd3 Nc5 6. O-O Bg4 7. h3 Bh5 8. Be2 Be7 9. Nd4 Bxe2 10. Qxe2 O-O 11. Nc3 Nc6 12. Nxc6 bxc6 13. Bf4 Ne6 14. Bg3 Rb8 15. b3 Bh4 16. Bh2 f5 17. f4 Be7 18. Na4 Kh8 19. Kh1 Rb4 20. Qf2 Qb8 21. Rad1 Qb7 22. Qf3 Qb5 23. Qd3 Qa5 24. a3 Rbb8 25. Bg1 Bxa3 26. Ra1 Be7 27. Nc5 Nxc5 28. Rxa5 Nxd3 29. cxd3 Rxb3 30. Rxa7 Bd8 31. d4 Kg8 32. Rc1 Rb6 33. Ra2 Kf7 34. Rac2 Re8 35. Rxc6 Rxc6 36. Rxc6 Re6 37. Rxe6 Kxe6 38. Be3 c6 39. g4 g6 40. Kg2 Ba5 41. Kf3 Bc3 42. Ke2 Bb4 43. Kd3 Be1 44. Kc2 Ba5 45. Kb3 Bb6 46. Kb4 Ba7 47. Ka5 fxg4 48. hxg4 h5 49. f5+ gxf5 50. gxh5 c5 51. h6 Kf7 52. e6+ Kxe6 53. h7 cxd4 54. Bd2 1-0


[Site "https://www.chess.com"]

[Event "Titled Tuesday Blitz July 11 Late 2023"]
[White "Buchenau, Frank"]
[Black "only_strong_moves"]
[WhiteFideId "4604350"]
[WhiteElo "2404"]
[BlackElo "2541"]
[Result "1-0"]
[Round "9"]
[TimeControl "180+2"]
[Date "2023.07.11"]
[WhiteClock "0:01:07"]
[BlackClock "0:00:00"]
[Board "68"]

1. e4 e5 2. Bc4 Nf6 3. d3 Nc6 4. Nf3 d5 5. exd5 Nxd5 6. O-O Nb6 7. Bb3 Be7 8. Re1 f6 9. h3 Na5 10. d4 Nxb3 11. axb3 exd4 12. Nxd4 O-O 13. Nc3 c5 14. Ndb5 a6 15. Qxd8 Bxd8 16. Nd6 Bc7 17. Bf4 Bd7 18. Re7 Bd8 19. Re3 Bc6 20. Nf5 Re8 21. Rae1 Rxe3 22. Rxe3 Kf7 23. Nd6+ Kg6 24. Rg3+ Kh5 25. Rxg7 f5 26. Nxf5 1-0


[Site "https://www.chess.com"]

[Event "Titled Tuesday Blitz July 11 Late 2023"]
[White "Aggelis, Nikolaos"]
[Black "Harriott, Tyrell"]
[WhiteFideId "4213220"]
[BlackFideId "2086484"]
[WhiteElo "2535"]
[BlackElo "2399"]
[Result "0-1"]
[Round "9"]
[TimeControl "180+2"]
[Date "2023.07.11"]
[WhiteClock "0:01:20"]
[BlackClock "0:00:57"]
[Board "69"]

1. c4 e6 2. g3 d5 3. Bg2 f5 4. Nf3 Nf6 5. O-O Bd6 6. b3 f4 7. Ba3 fxg3 8. hxg3 Ng4 9. Bxd6 Qxd6 10. d4 O-O 11. Nc3 c6 12. e4 Nd7 13. exd5 exd5 14. cxd5 cxd5 15. Ne5 Ndxe5 16. dxe5 Qh6 17. Qxd5+ Kh8 18. Bh3 Qxh3 19. Qg2 Qh5 20. f4 Bd7 21. Ne4 Bc6 22. Rfe1 Rad8 23. Rac1 Rd3 24. Rxc6 bxc6 25. e6 Re8 26. f5 Qxf5 27. Qe2 Re3 28. Qxe3 Nxe3 29. Rxe3 Rxe6 30. Nd6 Qb1+ 31. Kf2 Qc2+ 32. Kf3 Qd1+ 0-1


[Site "https://www.chess.com"]

[Event "Titled Tuesday Blitz July 11 Late 2023"]
[White "Jovic, Stanoje"]
[Black "Cooklev, Steven"]
[WhiteFideId "905020"]
[BlackFideId "2050552"]
[WhiteElo "2525"]
[BlackElo "2398"]
[Result "1-0"]
[Round "9"]
[TimeControl "180+2"]
[Date "2023.07.11"]
[WhiteClock "0:02:18"]
[BlackClock "0:02:06"]
[Board "70"]

1. c4 e6 2. g3 d5 3. Bg2 dxc4 4. Nf3 Nc6 5. O-O Rb8 6. a4 b6 7. Qc2 Ba6 8. Na3 Bxa3 9. Rxa3 Nf6 10. d3 cxd3 11. Qxc6+ Qd7 12. Qxd7+ Nxd7 13. exd3 Ke7 14. b4 Rhd8 15. b5 Bb7 16. Rc3 Nc5 17. Ba3 1-0


[Site "https://www.chess.com"]

[Event "Titled Tuesday Blitz July 11 Late 2023"]
[White "dodoucb"]
[Black "Michalczak, Thomas"]
[BlackFideId "4622634"]
[WhiteElo "2390"]
[BlackElo "2524"]
[Result "0-1"]
[Round "9"]
[TimeControl "180+2"]
[Date "2023.07.11"]
[WhiteClock "0:00:01"]
[BlackClock "0:00:30"]
[Board "72"]

1. d4 Nf6 2. c4 e6 3. Nc3 d5 4. Bg5 Nbd7 5. e3 c6 6. Nf3 Qa5 7. Nd2 Bb4 8. Qc2 O-O 9. Bh4 b5 10. cxb5 cxb5 11. Bd3 a6 12. O-O Bb7 13. Nb3 Qb6 14. a3 Bd6 15. Rac1 Rac8 16. Qe2 e5 17. Bf5 Rc4 18. Nd2 Rc7 19. Nf3 e4 20. Ne5 Nxe5 21. Bxf6 Ng6 22. Bxg6 fxg6 23. Bh4 Bc6 24. Qg4 Rf5 25. Bd8 Bd7 26. Bxc7 Qxc7 27. Qe2 Bxh2+ 28. Kh1 Rh5 29. g4 Bg1+ 0-1


[Site "https://www.chess.com"]

[Event "Titled Tuesday Blitz July 11 Late 2023"]
[White "Slovineanu, Viacheslav"]
[Black "Osmak, Yuliia"]
[WhiteFideId "13900510"]
[BlackFideId "14101602"]
[WhiteElo "2385"]
[BlackElo "2518"]
[Result "1/2-1/2"]
[Round "9"]
[TimeControl "180+2"]
[Date "2023.07.11"]
[WhiteClock "0:00:03"]
[BlackClock "0:00:00"]
[Board "73"]

1. d4 Nf6 2. Nf3 d5 3. c4 e6 4. e3 c5 5. cxd5 exd5 6. Bb5+ Nc6 7. O-O Bg4 8. h3 Bh5 9. Qa4 Qb6 10. Ne5 Rc8 11. Nc3 Bd6 12. dxc5 Qxc5 13. Nd3 Qb6 14. Nf4 Bxf4 15. exf4 O-O 16. g4 Nxg4 17. hxg4 Bxg4 18. Be2 Bxe2 19. Nxe2 Nb4 20. Be3 Qg6+ 21. Ng3 Nc2 22. f5 Qf6 23. Rac1 Qxb2 24. Qb3 Qxb3 25. axb3 d4 26. Bf4 d3 27. Rfd1 Rfd8 28. Ne4 Nd4 29. Rxc8 Rxc8 30. Kf1 Ne2 31. Be3 Nc3 32. Rxd3 Nxe4 33. Bxa7 h5 34. Rd7 b5 35. Rb7 Nd2+ 36. Kg2 Nxb3 37. Rxb5 Nd2 38. Be3 Ne4 39. Re5 Nf6 40. Ra5 Re8 41. Bg5 Ng4 42. f3 Ne5 43. Kg3 f6 44. Bf4 Nd3 45. Bd6 Rd8 46. Ra6 Rd7 47. Kh4 Kh7 48. Kxh5 Ne1 49. Kg4 Nc2 50. Kf4 Nd4 51. Ke4 Ne2 52. Kd5 Nc3+ 53. Ke6 Rb7 54. Rc6 Ne2 55. Rc7 Nd4+ 56. Kd5 Rxc7 57. Bxc7 Nxf5 58. Ke4 Nh4 59. Kf4 Ng6+ 60. Kf5 Ne7+ 61. Kg4 Kg6 62. f4 f5+ 63. Kf3 Nd5 64. Bb8 Kf7 65. Be5 Kg6 66. Bb8 Kh6 67. Ba7 g6 68. Bb8 Kh5 69. Bd6 Nf6 70. Be5 Ng4 71. Bd6 Nh2+ 72. Kg3 Ng4 73. Bc7 Nf6 74. Bb8 Ne4+ 75. Kf3 Nd2+ 76. Kg3 Nc4 77. Kh3 Kh6 78. Kh4 Ne3 79. Kg3 Kg7 80. Kf3 Ng4 81. Bc7 Kf6 82. Bb8 Ke6 83. Kg3 Nf6 84. Kh4 Ne4 85. Bc7 Kd5 86. Bb8 Kd4 87. Bc7 Ke3 88. Bb8 Kf3 89. Bc7 Nf6 90. Kg5 Nd5 91. Bb8 Ne7 92. Kf6 Nc6 93. Kxg6 Kg4 94. Bc7 Nd4 95. Kf6 Nb5 96. Bb8 Nd4 97. Kg6 Ne2 98. Kf6 Nxf4 99. Kg7 Nd3 100. Kf6 1/2-1/2


[Site "https://www.chess.com"]

[Event "Titled Tuesday Blitz July 11 Late 2023"]
[White "Stachanczyk, Jacek"]
[Black "Zhang, Derek"]
[WhiteFideId "1116657"]
[BlackFideId "2087871"]
[WhiteElo "2385"]
[BlackElo "2509"]
[Result "0-1"]
[Round "9"]
[TimeControl "180+2"]
[Date "2023.07.11"]
[WhiteClock "0:00:00"]
[BlackClock "0:01:03"]
[Board "74"]

1. e4 e6 2. d4 d5 3. Nc3 Bb4 4. e5 c5 5. a3 Bxc3+ 6. bxc3 Qa5 7. Bd2 Ne7 8. Qg4 O-O 9. a4 Nbc6 10. Bd3 c4 11. Be2 f5 12. Qh5 Bd7 13. Nh3 Nd8 14. Ng5 h6 15. Nh3 Ndc6 16. Nf4 Rf7 17. h4 Raf8 18. Rh3 b5 19. Rg3 Kh8 20. Nh3 f4 21. Rf3 Rf5 22. Ng5 Kg8 23. Qg4 hxg5 24. hxg5 Be8 25. Rh3 bxa4 0-1


[Site "https://www.chess.com"]

[Event "Titled Tuesday Blitz July 11 Late 2023"]
[White "Mindhunter08"]
[Black "Bogaudinov, Rushan"]
[BlackFideId "4129288"]
[WhiteElo "2507"]
[BlackElo "2384"]
[Result "1-0"]
[Round "9"]
[TimeControl "180+2"]
[Date "2023.07.11"]
[WhiteClock "0:00:13"]
[BlackClock "0:00:03"]
[Board "75"]

1. e4 c5 2. Nf3 e6 3. g3 d5 4. exd5 Qxd5 5. Bg2 Nf6 6. O-O Nc6 7. Re1 Qd8 8. d3 Be7 9. Nc3 O-O 10. Bf4 a6 11. a4 Nd5 12. Bd2 Bf6 13. Qc1 Nxc3 14. Bxc3 Nd4 15. Nd2 Qc7 16. Ne4 Be7 17. Bd2 Bd7 18. Qd1 Bc6 19. c3 Nf5 20. Qh5 Rad8 21. g4 g6 22. Qh3 Bxe4 23. Bxe4 Nd6 24. Bh6 Rfe8 25. Bg2 Bf6 26. Rad1 Bg7 27. Bf4 Qc8 28. Qg3 Qd7 29. h4 Nc8 30. h5 Qxa4 31. Qf3 Ne7 32. Bg5 Qc6 33. Qg3 Qd7 34. h6 Bh8 35. Qf4 Rc8 36. Bf6 Nd5 37. Bxd5 exd5 38. Bxh8 f5 39. Bf6 Kf7 40. Bg5 Rxe1+ 41. Rxe1 Re8 42. Rxe8 Qxe8 43. Qc7+ Ke6 44. f4 fxg4 45. Qe5+ Kd7 46. Qxe8+ Kxe8 47. Kf2 b5 48. Kg3 a5 49. Kxg4 b4 50. cxb4 cxb4 51. f5 gxf5+ 52. Kxf5 a4 53. Ke5 d4 54. Kxd4 a3 55. bxa3 bxa3 56. Kc3 a2 57. Kb2 Kf7 58. Kxa2 Kg6 59. Bc1 Kf5 60. Kb3 Ke5 61. Kc4 Kd6 62. Kd4 1-0


[Site "https://www.chess.com"]

[Event "Titled Tuesday Blitz July 11 Late 2023"]
[White "Peycheva, Gergana"]
[Black "Garmendiarov"]
[WhiteFideId "2916711"]
[WhiteElo "2501"]
[BlackElo "2364"]
[Result "0-1"]
[Round "9"]
[TimeControl "180+2"]
[Date "2023.07.11"]
[WhiteClock "0:00:02"]
[BlackClock "0:00:14"]
[Board "76"]

1. d4 Nf6 2. c4 g6 3. Nc3 d5 4. cxd5 Nxd5 5. e4 Nxc3 6. bxc3 Bg7 7. Nf3 c5 8. Be3 O-O 9. Rc1 cxd4 10. cxd4 Qa5+ 11. Qd2 Qxd2+ 12. Kxd2 Nc6 13. Bb5 Na5 14. Rc7 a6 15. Ba4 b5 16. Bb3 e6 17. Rhc1 Bb7 18. e5 Nxb3+ 19. axb3 Bd5 20. b4 a5 21. bxa5 Rxa5 22. Rb1 Ra2+ 23. Ke1 Rb8 24. Ng5 Bh6 25. Nxf7 Bxe3 26. fxe3 Rxg2 27. Nh6+ Kf8 28. Rxh7 Rg1+ 29. Kf2 Rxb1 30. Rh8+ Kg7 31. Rxb8 Kxh6 32. h4 Kh5 33. Kg3 Rg1+ 34. Kh2 Rg2+ 35. Kh3 g5 36. hxg5 Kxg5 37. Rxb5 Rg1 38. Rb8 Kf5 39. Kh2 Rg2+ 40. Kh3 Rg7 41. Rf8+ Ke4 42. Rf4+ Kxe3 43. Rh4 Be4 44. Rh8 Kxd4 45. Rd8+ Kxe5 46. Rd1 Bf5+ 47. Kh2 Kf6 48. Re1 e5 49. Kh1 e4 50. Rf1 Ke5 51. Re1 Bg4 52. Rf1 Bf3+ 53. Kh2 Kf4 54. Re1 Rh7+ 55. Kg1 Rh1+ 56. Kf2 Rxe1 57. Kxe1 e3 58. Kf1 e2+ 59. Ke1 Bg4 60. Kf2 Ke4 61. Ke1 Kf3 62. Kd2 Kf2 63. Kc2 e1=Q 0-1


[Site "https://www.chess.com"]